 Dungeon Crawl Stone Soup version 0.21-a0-528-gf531e82 (webtiles) character file.

299 slep the Chopper (level 6, -6/32 HPs)
             Began as a Vine Stalker Gladiator on Dec 9, 2017.
             Mangled by plaidmage's ghost (9 damage)
             ... in an ossuary.
             The game lasted 00:07:54 (1503 turns).

slep the Chopper (Vine Stalker Gladiator)           Turns: 1503, Time: 00:07:54

Health: -6/32      AC:  5    Str: 18    XL:     6   Next: 36%
Magic:  0/7        EV: 13    Int:  8    God:
Gold:   143        SH:  0    Dex: 18    Spells: 5/5 levels left

rFire    . . .     SeeInvis .   a - +0 war axe
rCold    . . .     Gourm    .   (no shield)
rNeg     . . .     Faith    .   b - +0 leather armour
rPois    .         Spirit   +   s - +1 helmet
rElec    .         Reflect  .   (no cloak)
rCorr    .         Harm     .   (no gloves)
MR       .....                  (no boots)
Stlth    ++........             (no amulet)
HPRegen  0.50/turn              v - +2 ring of dexterity
MPRegen  0.10/turn              h - ring of wizardry

@: no status effects
A: fangs 2, regeneration 1, magic shield, antimagic bite, no potion heal 3, rot
immunity
a: no special abilities


You were in an ossuary.
You were not hungry.

You visited 1 branch of the dungeon, and saw 4 of its levels.
You also visited: Sewer and Ossuary.

You collected 143 gold pieces.

Inventory:

Hand Weapons
 a - a +0 war axe (weapon)
 q - a +0 blowgun
Missiles
 d - 3 throwing nets (quivered)
 r - 12 poisoned needles
Armour
 b - a +0 leather armour (worn)
 c - a +0 helmet
 s - a +1 helmet (worn)
Jewellery
 h - a ring of wizardry (right hand)
 v - a +2 ring of dexterity (left hand)
Wands
 x - a wand of flame (20)
Scrolls
 e - a scroll of fog {unknown}
 i - 2 scrolls of remove curse {unknown}
 j - a scroll of teleportation {unknown}
 l - 4 scrolls of identify {unknown}
 n - 3 scrolls of magic mapping {unknown}
 p - a scroll of random uselessness {unknown}
 t - a scroll of blinking {unknown}
Potions
 k - a potion of brilliance
 o - a potion of curing
 u - 2 potions of flight {unknown}
 w - 3 potions of heal wounds {unknown}
Comestibles
 f - 2 bread rations
 g - a meat ration
 m - a royal jelly
 z - 2 chunks of flesh


   Skills:
 + Level 2.6 Fighting
 + Level 5.0 Axes
 + Level 2.0 Throwing
 + Level 1.5 Armour
 + Level 3.0 Dodging
 + Level 1.3 Stealth


You had 5 spell levels left.
You didn't know any spells.

Dungeon Overview and Level Annotations

Branches:
Dungeon (4/15)
 Temple: D:4-7

Altars:
Trog

Annotations:
Ossuary plaidmage's ghost, novice DsMo


Innate Abilities, Weirdness & Mutations

You have extremely sharp teeth.
Your natural rate of healing is unusually fast.
When hurt, damage is shared between your health and your magic reserves.
Your bite disrupts and absorbs the magic of your enemies.
Potions cannot restore your health.
You are immune to rotting.


Message History

The big kobold zombie barely misses you.
The elf zombie barely misses you.
You hit plaidmage's ghost. Your bite misses plaidmage's ghost.
Plaidmage's ghost is heavily damaged.
You closely miss the elf zombie. You barely miss the big kobold zombie.
Plaidmage's ghost misses you.
The big kobold zombie hits you but does no damage.
Plaidmage's ghost barely misses you.
You hit plaidmage's ghost.
You bite plaidmage's ghost, but do no damage.
Plaidmage's ghost is heavily damaged.
You barely miss the elf zombie. You barely miss the big kobold zombie.
You barely miss the kobold zombie. The elf zombie hits you.
The big kobold zombie misses you. Plaidmage's ghost hits you!
* * * LOW HITPOINT WARNING * * *
The kobold zombie closely misses you.
You open the door. The elf zombie hits you.
* * * LOW HITPOINT WARNING * * *
Plaidmage's ghost hits you!
You die...

##.####.....####.###
......... ..........
........# #........
##......# #......###
+...8.^.# #...8...'?
##......###......####
........Z............
.......ZZW...........
#..#.#..#@#..#.#..#.#
#..#'#^.#+# #
#..#!#..# #
###..###..###..#
................
................
#####'''########
##...## ##....^##


You could see plaidmage's ghost, a kobold zombie, a big kobold zombie and an elf
zombie.

Vanquished Creatures
  The ghost of slep the Shield-Bearer, an amateur VSFi (D:3)
  A big kobold (Sewer)
  2 adders
  2 river rats (Sewer)
  An ooze (D:3)
  A worm (D:2)
  A dart slug (D:2)
  4 leopard geckos
  2 orcs
  A ball python (D:4)
  4 giant cockroaches
  11 goblins
  6 hobgoblins
  5 jackals
  12 kobolds
  A quokka (D:2)
  6 bats
  A frilled lizard (D:2)
  A goblin zombie (Ossuary)
  3 hobgoblin zombies (Ossuary)
  2 kobold zombies (Ossuary)
  An orc zombie (Ossuary)
  7 rats
76 creatures vanquished.

Notes
Turn   | Place    | Note
-------+----------+-------------------------------------------
     0 | D:1      | slep the Vine Stalker Gladiator began the quest for the Orb.
     0 | D:1      | Reached XP level 1. HP: 11/11 MP: 2/2
   155 | D:1      | Reached skill level 3 in Axes
   155 | D:1      | Reached XP level 2. HP: 6/15 MP: 1/3
   508 | D:2      | Reached XP level 3. HP: 12/18 MP: 4/4
   855 | D:3      | Gained mutation: Your natural rate of healing is unusually fast. [Vine Stalker growth]
   855 | D:3      | Reached XP level 4. HP: 17/23 MP: 5/5
   874 | D:3      | Noticed slep's ghost (amateur VSFi)
   905 | D:3      | Killed slep's ghost
   905 | D:3      | Reached skill level 4 in Axes
   905 | D:3      | Reached skill level 1 in Armour
   905 | D:3      | Reached skill level 1 in Stealth
   905 | D:3      | Reached XP level 5. HP: 19/26 MP: 6/6
  1114 | D:3      | Found a bloodstained altar of Trog.
  1190 | D:3      | Found a glowing drain.
  1206 | Sewer    | Entered a sewer
  1271 | Sewer    | Noticed a big kobold
  1285 | Sewer    | Killed a big kobold
  1285 | Sewer    | Reached skill level 5 in Axes
  1285 | Sewer    | Reached XP level 6. HP: 22/32 MP: 4/7
  1302 | Sewer    | Found a white marble altar of Elyvilon.
  1454 | D:4      | Found a sand-covered staircase.
  1463 | Ossuary  | Entered an ossuary
  1463 | Ossuary  | Noticed a wraith
  1463 | Ossuary  | Noticed a wraith
  1463 | Ossuary  | Noticed a wraith
  1487 | Ossuary  | Noticed plaidmage's ghost (novice DsMo)
  1503 | Ossuary  | Mangled by plaidmage's ghost

Vault maps used:
D:1:      nicolae_arrival_memento_mori, minmay_misc_feat_cross
D:2:      minmay_split_cup_large
D:3:      lemuel_doored_altar, portal_sewer_entry_f
D:4:      minmay_temple_entry_water_ring, lightli_ossuary_entry_decrepit_ruins,
          bloody_makhleb
Sewer:    sewer_kobolds
Ossuary:  ossuary_kennysheep_city_of_the_dead

Skill      XL: |  1  2  3  4  5 |
---------------+----------------+-----
Axes           | 3 4 5 |  5.0
Throwing       | 2 |  2.0
Fighting       | 2 |  2.6
Armour         | 1 |  1.5
Stealth        | 1 |  1.3
Dodging        | 3 |  3.0

Action                   |  1- 3 |  4- 6 || total
-------------------------+-------+-------++-------
Melee: War axe           |    81 |    82 ||   163
       Bite              |    20 |    16 ||    36
  Use: Potion            |       |     2 ||     2
 Stab: Sleeping          |     1 |     1 ||     2
  Eat: Chunk             |       |     2 ||     2
Armor: Leather armour    |    17 |    36 ||    53
Dodge: Dodged            |    66 |    77 ||   143

Table legend:
 A = Spawn XP
 B = Non-spawn XP
 C = Spawn XP percentage of total XP
 D = Spawn monster count
 E = Non-spawn monster count
 F = Spawn count percentage of total count
 G = Total turns spent on level
                    A         B        C        D         E        F      G
               +---------+---------+-------+---------+---------+-------+---------
         Total |       0 |     428 |   0.0 |       0 |      76 |   0.0 |  1503
               +---------+---------+-------+---------+---------+-------+---------
           D:1 |       0 |      26 |   0.0 |       0 |      15 |   0.0 |   445
           D:2 |       0 |      55 |   0.0 |       0 |      21 |   0.0 |   421
           D:3 |       0 |     201 |   0.0 |       0 |      21 |   0.0 |   394
           D:4 |       0 |       2 |   0.0 |       0 |       1 |   0.0 |    45
         Sewer |       0 |     137 |   0.0 |       0 |      11 |   0.0 |   158
       Ossuary |       0 |       7 |   0.0 |       0 |       7 |   0.0 |    40
               +---------+---------+-------+---------+---------+-------+---------
